 Dungeon Crawl Stone Soup version 0.30.0-19-g36f170ea60 (webtiles) character file.

Game seed: 389021290155084283

9 Aldia the Sneak (level 2, -7/13 HPs)
             Began as a Spriggan Enchanter on May 30, 2023.
             Mangled by a kobold
             ... wielding a +0 dagger of electrocution
              (19 damage)
             ... on level 1 of the Dungeon.
             The game lasted 00:01:11 (339 turns).

Aldia the Sneak (Spriggan Enchanter)                 Turns: 339, Time: 00:01:12

Health: -7/13      AC:  2    Str:  4    XL:     2   Next: 6%
Magic:  3/6        EV: 17    Int: 16    God:
Gold:   0          SH:  0    Dex: 15    Spells: 4/6 levels left

rFire   . . .        a - +1 dagger
rCold   . . .        (no shield)
rNeg    . . .        b - +0 robe
rPois   .            (helmet restricted)
rElec   .            (no cloak)
rCorr   +            (gloves unavailable)
SInv    +            (boots unavailable)
Will    .....        e - amulet of magic regeneration
Stlth   +++          g - ring of resist corrosion
HPRegen 0.22/turn    (no ring)
MPRegen 0.50/turn

%: no passive effects
@: very slightly contaminated, very quick
A: very small, no large weapons, unfitting armour, see invisible, speed 3
a: no special abilities


You were on level 1 of the Dungeon.
You visited 1 branch of the dungeon, and saw 1 of its levels.

Inventory:

Hand Weapons
 a - a +1 dagger (weapon)
Armour
 b - a +0 robe (worn)
Jewellery
 e - an amulet of magic regeneration (around neck)
 g - a ring of resist corrosion (left hand)
Scrolls
 f - 3 scrolls of poison {unknown}
Potions
 c - 2 potions of invisibility
 d - a potion of curing {unknown}


   Skills:
 * Level 1.7 Short Blades
 - Level 2.6 Dodging
 * Level 4.8 Stealth
 - Level 2.6 Spellcasting
 - Level 3.8 Hexes
 + Level 0.0 Ice Magic


You had 4 spell levels left.
You knew the following spells:

 Your Spells              Type           Power      Damage    Failure   Level
a - Ensorcelled Hibernat  Hex/Ice        16%        N/A       14%         2

Your spell library contained the following spells:

 Spells                   Type           Power      Damage    Failure   Level
 Confusing Touch          Hex            14%        N/A       12%         3
 Tukima's Dance           Hex            14%        N/A       12%         3
 Dazzling Flash           Conj/Hex       16%        N/A       26%         3


Dungeon Overview and Level Annotations

Branches:
Dungeon (1/15)

Altars:


Innate Abilities, Weirdness & Mutations

You are very small and have problems with some larger weapons.
You are too small for most types of armour.
You have supernaturally acute eyesight. (SInv)
You cover ground extremely quickly. (Speed+++)


Message History

The kobold barely misses you.
You closely miss the kobold.
The kobold is severely wounded.
The kobold hits you with a +0 club.
You hit the kobold.
You kill the kobold!
You have reached level 2!
You see here a +0 club.
A rat comes into view.
Found a scratched steel ring.
The helpless rat fails to defend itself.
You impale the rat!!
You kill the rat!
Memorise Ensorcelled Hibernation, consuming 2 spell levels and leaving 4?
You start memorising the spell.
You continue memorising. x2
You finish memorising.
Spell assigned to 'a'.
g - a ring of resist corrosion
g - a ring of resist corrosion (left hand)
Found an escape hatch in the floor.
A kobold comes into view.
It is wielding a +0 dagger of electrocution.
The kobold shouts!
Casting: Ensorcelled Hibernation (safe; 14% risk of failure)
Confirm with . or Enter, or press ? or * to list all spells.
Aiming: Ensorcelled Hibernation (safe; 14% risk of failure)
Press: ? - help, Shift-Dir - straight line, f - kobold
Aim: a kobold, wielding a +0 dagger of electrocution (chance to affect: 59%)
You miscast Ensorcelled Hibernation.
You are very lightly contaminated with residual magic.
Nothing appears to happen.
Casting: Ensorcelled Hibernation (safe; 14% risk of failure)
Confirm with . or Enter, or press ? or * to list all spells.
Aiming: Ensorcelled Hibernation (safe; 14% risk of failure)
Press: ? - help, Shift-Dir - straight line, f/p - kobold
Aim: a kobold, wielding a +0 dagger of electrocution (chance to affect: 59%)
The kobold looks drowsy...
The kobold shouts!
The kobold hits you with a +0 dagger of electrocution.
You are electrocuted!!
Ouch! That really hurt!
You die...

######### #........
#........ ♣♣♣♣♣
####........ .P♣P♣♣♣###
...........
.).......######.K.....>.
PP.♣♣♣♣#.....##.@.......
♣♣♣♣ #.....##....=....
.# #.....##......... .#
#.....##........♣ .#
#†....##.=......♣ .####
#........#####.#. #.#.
>...## #.....########...
#.#.
#.#..#♣♣♣♣........... #♣
#.#.
#.##.♣♣..♣♣...###### ##
#.#.


You could see a kobold.

Vanquished Creatures
  2 bats (D:1)
  An endoplasm (D:1)
  A hobgoblin (D:1)
  2 kobolds (D:1)
  3 rats (D:1)
9 creatures vanquished.

Notes
Turn   | Place    | Note
-------+----------+-------------------------------------------
     0 | D:1      | Aldia the Spriggan Enchanter began the quest for the Orb.
     0 | D:1      | Reached XP level 1. HP: 9/9 MP: 5/5
   286 | D:1      | Reached XP level 2. HP: 9/13 MP: 6/6
   317 | D:1      | Learned a level 2 spell: Ensorcelled Hibernation
   339 | D:1      | Mangled by a kobold

Illustrated notes

Levels and vault maps discovered:
D:1:      co_arrival_square_in_a_square_in_a_square, layout_basic,
          serial_forest, infiniplex_forest_diagonal, infiniplex_forest_join,
          infiniplex_forest_lined_1, infiniplex_forest_straight_5,
          infiniplex_forest_corner_1, infiniplex_forest_lined_room_,
          infiniplex_forest_lined_2, infiniplex_forest_lined_ring

Action                     || total
---------------------------++-------
  Melee: Dagger            ||    30
   Cast: Ensorcelled Hiber ||     1
   Stab: Sleeping          ||     3
 Armour: Robe              ||     1
  Dodge: Dodged            ||    18
